 Dungeon Crawl Stone Soup version 0.31.0-12-g77e489cdc1 (webtiles) character file.

Game seed: 956757307314223534

128 javelincjr the Changeling (level 4, -7/34 HPs)
             Began as a Demonspawn Shapeshifter on Feb 14, 2024.
             Was a Follower of Vehumet.
             Blown up by Ijyb (13 damage)
             ... with a mindburst bolt
             ... on level 3 of the Dungeon.
             The game lasted 00:10:36 (2427 turns).

javelincjr the Changeling (Demonspawn Shapeshifter) Turns: 2427, Time: 00:10:37

Health: -7/34      AC:  8    Str: 16    XL:     4   Next: 87%
Magic:  4/4        EV: 11    Int: 11    God:    Vehumet [*.....]
Gold:   136        SH:  0    Dex: 12    Spells: 3/3 levels left

rFire   + . .        j - +0 dagger (speed)
rCold   . . .        (no shield)
rNeg    . . .        t - +3 leather armour
rPois   .            (helmet currently unavailable)
rElec   .            (cloak currently unavailable)
rCorr   .            (gloves currently unavailable)
SInv    .            (boots currently unavailable)
Will    .....        u - amulet of magic regeneration
Stlth   +            o - ring of protection from fire
HPRegen 0.25/turn    (no ring)
MPRegen 0.58/turn

%: no passive effects
@: beast-form
A: beast (slay +2), icy blue scales 1, magic regeneration
a: Begin Untransformation, Renounce Religion


You were on level 3 of the Dungeon.
You worshipped Vehumet.
Vehumet was aware of your devotion.
You were a hulking beast.
You visited 1 branch of the dungeon, and saw 3 of its levels.

You collected 136 gold pieces.

Inventory:

Hand Weapons
 j - a +0 dagger of speed (weapon)
Missiles
 g - a throwing net (quivered)
 m - 5 curare-tipped darts
 r - 5 poisoned darts
Armour
 a - a +0 animal skin
 e - a +0 ring mail
 i - a +0 pair of boots
 t - a +3 leather armour (worn)
Magical Staves
 l - a staff of fire
Jewellery
 o - a ring of protection from fire (left hand)
 u - an amulet of magic regeneration (around neck)
Talismans
 c - a beast talisman
 d - a flux talisman
Scrolls
 f - a scroll of teleportation {unknown}
 h - 4 scrolls of identify {unknown}
 s - a scroll of vulnerability {unknown}
Potions
 b - a potion of lignification
 k - a potion of curing {unknown}
 n - a potion of cancellation {unknown}
 p - a potion of magic {unknown}
 q - a potion of mutation {unknown}


   Skills:
 + Level 2.5 Fighting
 - Level 2.0 Dodging
 - Level 3.0 Unarmed Combat
 * Level 4.0 Shapeshifting


You had 3 spell levels left.
You didn't know any spells.
Your spell library contained the following spells:

 Spells                   Type           Power      Damage    Failure   Level
 Freeze                   Ice            0%         1d3       41%         1
 Summon Small Mammal      Summ           0%         N/A       41%         1
 Call Imp                 Summ           0%         N/A       54%         2
 Cigotuvi's Dreadful Rot  Necr/Alch/Air  0%         N/A       54%         2
 Sublimation of Blood     Necr           0%         N/A       54%         2
 Call Canine Familiar     Summ           0%         N/A       78%         3
 Ignite Poison            Fire/Alch      0%         N/A       99%         4
 Summon Blazeheart Golem  Fire/Summ      0%         N/A       99%         4
 Freezing Cloud           Conj/Ice/Air   0%         6-21      100%        5
 Summon Hydra             Summ           0%         N/A       100%        7


Dungeon Overview and Level Annotations

Branches:
Dungeon (3/15)

Altars:
Vehumet

Shops:
D:2 ![!=

Annotations:
D:3 Ijyb


Innate Abilities, Weirdness & Mutations

You are a hulking beast.
Your limbs bulge with bestial killing power. (Slay +2)
You are partially covered in icy blue scales. (AC +2)
You regenerate magic rapidly.


Message History

Ijyb is moderately wounded.
Ijyb screams, "Me very upset!"
Ijyb closely misses you.
You closely miss Ijyb.
Ijyb is moderately wounded.
Ijyb hits you but does no damage.
You hit Ijyb but do no damage.
Ijyb is moderately wounded.
Ijyb barely misses you.
You hit Ijyb but do no damage.
Ijyb is moderately wounded.
You hit Ijyb but do no damage.
Ijyb is moderately wounded.
Ijyb hits you with a +0 club.
* * * LOW HITPOINT WARNING * * *
You hit Ijyb.
Ijyb is heavily wounded.
You hit Ijyb but do no damage.
Ijyb is heavily wounded.
Ijyb barely misses you.
You hit Ijyb but do no damage. Your punch misses Ijyb.
Ijyb is heavily wounded.
Ijyb barely misses you.
You hit Ijyb but do no damage.
Ijyb is heavily wounded.
You hit Ijyb but do no damage.
Ijyb is heavily wounded.
Ijyb hits you but does no damage.
You hit Ijyb.
Ijyb is severely wounded.
Ijyb completely misses you.
You hit Ijyb but do no damage.
Ijyb is severely wounded.
You closely miss Ijyb.
Ijyb is severely wounded.
Ijyb barely misses you.
You barely miss Ijyb.
Ijyb is severely wounded.
Ijyb zaps a wand.
Your mind is blasted!
You die...

##.....######.........#
####..##.#######.........#
#......(........)........#
#####.##..#..#######....######
....#.##.##.#...# #..####
....#.#.........# #..#
....#.#....##>### #..#
.........####.#####.##
......#.## #..#.h...#
......#.# ##)#.g#####.
......#.###..#..<......
............#.[........
............#..........
..............###...###
............### .#.# ..###..
##... #..# #.


You could see Ijyb.

Vanquished Creatures
  A bombardier beetle (D:3)
  An adder (D:2)
  A ribbon worm (D:2)
  3 dart slugs
  2 orcs (D:3)
  9 ball pythons
  10 endoplasms
  9 giant cockroaches
  2 goblins
  4 hobgoblins
  6 jackals (D:1)
  5 kobolds (D:1)
  2 quokkas (D:1)
  4 bats
  4 frilled lizards
  2 rats
65 creatures vanquished.

Notes
Turn   | Place    | Note
-------+----------+-------------------------------------------
     0 | D:1      | javelincjr the Demonspawn Shapeshifter began the quest for
                  | the Orb.
     0 | D:1      | Reached XP level 1. HP: 15/15 MP: 1/1
   129 | D:1      | Gained mutation: You are partially covered in icy blue
                  | scales. (AC +2) [demonic ancestry]
   129 | D:1      | Reached XP level 2. HP: 21/21 MP: 2/2
   204 | D:1      | Reached skill level 3 in Shapeshifting
   469 | D:1      | Reached XP level 3. HP: 22/26 MP: 3/3
  1329 | D:2      | Found Vihenayr's Distillery.
  1426 | D:2      | Found Uqaov's Jewellery Shop.
  1532 | D:2      | Gained mutation: You regenerate magic rapidly. [demonic
                  | ancestry]
  1532 | D:2      | Reached XP level 4. HP: 33/33 MP: 4/4
  1632 | D:2      | Found Ihol's Armour Shop.
  1638 | D:2      | Found Zalueq's Distillery.
  1690 | D:2      | Found a faded altar of an unknown god.
  1942 | D:2      | Prayed at the altar of an unknown god.
  1942 | D:2      | Became a worshipper of Vehumet
  1942 | D:2      | Reached * piety under Vehumet
  1942 | D:2      | Offered knowledge of Freeze by Vehumet.
  2267 | D:3      | Reached skill level 4 in Shapeshifting
  2386 | D:3      | Noticed Ijyb
  2427 | D:3      | Blown up by Ijyb

Illustrated notes

Levels and vault maps discovered:
D:1:      saegor_arrival_simple_c, layout_basic, st_stairs_6, chequers_garden,
          minmay_misc_feat_ornament, minmay_cupped
D:2:      layout_loops_cross, serial_shops, shop, shop, shop,
          nicolae_shop_temple_entry_statues_fountains, basic_ecumenical_altar,
          minmay_misc_feat_encased, minmay_worlds_worst_comb
D:3:      layout_rooms, general_overflow_altar, lightli_temple_of_fire,
          grunt_decor_resistance, minmay_puff, uniq_robin, uniq_ijyb,
          uniq_grinder

Skill      XL: |  1  2  3  4 |
---------------+-------------+-----
Dodging        | 2 |  2.0
Shapeshifting  | 3 4 |  4.0
Unarmed Combat | 3 |  3.0
Fighting       | 2 |  2.5

Action                     |  1- 3 |  4- 6 || total
---------------------------+-------+-------++-------
  Melee: Unarmed           |   109 |       ||   109
         Punch             |     4 |     3 ||     7
         Dagger            |    46 |    91 ||   137
   Stab: Sleeping          |     3 |       ||     3
         Distracted        |     1 |       ||     1
 Armour: Animal skin       |    70 |    24 ||    94
         Leather armour    |       |    10 ||    10
  Dodge: Dodged            |    76 |    36 ||   112
